 Dungeon Crawl Stone Soup version 0.29-a0-1052-g6990b1bffc (webtiles) character file.

Game seed: 14725912097195018077

77 Teewurst the Shooter (level 4, -1/35 HPs)
             Began as a Palentonga Hunter on Aug 17, 2022.
             Slain by an adder (3 damage)
             ... on level 3 of the Dungeon.
             The game lasted 00:04:41 (1999 turns).

Teewurst the Shooter (Palentonga Hunter)            Turns: 1999, Time: 00:04:42

Health: -1/35      AC:  5    Str: 16    XL:     4   Next: 14%
Magic:  4/4        EV:  9    Int: 10    God:
Gold:   130        SH:  0    Dex: 15    Spells: 3/3 levels left

rFire   . . .      SeeInvis +   a - +0 shortbow
rCold   . . .      Faith    .   (shield currently unavailable)
rNeg    . . .      Spirit   .   c - +0 leather armour
rPois   .          Reflect  .   (no helmet)
rElec   .          Harm     .   k - +0 cloak
rCorr   .          Rampage  .   (no gloves)
Will    .....                   (no barding)
Stlth   ++........              (no amulet)
HPRegen 0.11/turn               (no ring)
MPRegen 0.09/turn               (no ring)

@: no status effects
A: large, rugged brown scales 3, see invisible, deformed body, roll 1, armoured
tail
a: Rolling Charge


You were on level 3 of the Dungeon.
You visited 1 branch of the dungeon, and saw 3 of its levels.

You collected 130 gold pieces.

Inventory:

Hand Weapons
 a - a +0 shortbow (weapon)
Armour
 c - a +0 leather armour (worn)
 k - a +0 cloak (worn)
 o - a +0 chain mail
Jewellery
 n - an amulet of faith
Scrolls
 b - a scroll of immolation
 e - a scroll of teleportation {unknown}
 f - a scroll of vulnerability {unknown}
 h - a scroll of noise {unknown}
 i - a scroll of summoning {unknown}
 j - 2 scrolls of torment {unknown}
 l - a scroll of fear {unknown}
 p - a scroll of fog {unknown}
 q - a scroll of blinking {unknown}
 r - a scroll of brand weapon {unknown}
 s - a scroll of identify {unknown}
 t - a scroll of poison {unknown}
 u - a scroll of amnesia {unknown}
Potions
 d - a potion of curing
 g - 2 potions of resistance {unknown}
 m - a potion of haste {unknown}


   Skills:
 - Level 2.0 Fighting
 + Level 3.8 Ranged Weapons
 + Level 1.3 Armour
 - Level 1.8 Dodging
 + Level 1.6 Stealth


You had 3 spell levels left.
You didn't know any spells.
Your spell library contained the following spells:

 Spells                   Type           Power      Damage    Failure   Level
 Apportation              Tloc           0%         N/A       43%         1
 Necrotise                Necr           0%         1d4       43%         1
 Summon Small Mammal      Summ           0%         N/A       43%         1
 Sublimation of Blood     Necr           0%         N/A       56%         2
 Gell's Gravitas          Tloc           0%         N/A       80%         3
 Teleport Other           Tloc           0%         N/A       80%         3
 Petrify                  Tmut/Erth      0%         N/A       99%         4
 Irradiate                Conj/Tmut      0%         3d11      100%        5
 Dispersal                Tloc           0%         N/A       100%        6
 Chain Lightning          Conj/Air       0%         N/A       100%        9
 Fire Storm               Conj/Fire      0%         5d1       100%        9
 Shatter                  Erth           0%         3d5*      100%        9


Dungeon Overview and Level Annotations

Branches:
Dungeon (3/15)

Altars:

Shops:
D:2 :


Innate Abilities, Weirdness & Mutations

You are completely covered in rugged brown scales. (AC +3, +7% HP)
You have supernaturally acute eyesight. (SInv)
Armour fits poorly on your strangely shaped body.
You can roll at nearby foes to attack.
You have a long armoured tail.


Message History

You shoot an arrow. The arrow hits the adder.
The adder is almost dead.
The adder bites you but does no damage. The endoplasm freezes you.
You are frozen.
The orc hits you but does no damage.
Okay, then.
Okay, then.
Okay, then.
Fire: a) +0 shortbow
Press: ? - help, Shift-Dir - straight line, f/p - adder
Aim: an adder (almost dead, 42% to hit)
You shoot an arrow. The arrow closely misses the adder.
The arrow closely misses the orc.
The adder misses you.
The endoplasm hits you but does no damage.
The orc hits you with a +0 whip. The adder bites you.
* * * LOW HITPOINT WARNING * * *
The endoplasm barely misses you. There's nothing you can charge at!
The endoplasm attacks as you move away!
The endoplasm hits you but does no damage.
The orc attacks as you move away! The orc hits you but does no damage.
The orc attacks as you move away! The orc barely misses you.
The adder misses you. The adder attacks as you move away!
The adder closely misses you. The adder attacks as you move away!
The adder closely misses you. The endoplasm attacks as you move away!
The endoplasm hits you but does no damage.
The adder bites you but does no damage. The endoplasm attacks as you move away!
The endoplasm hits you but does no damage.
The orc attacks as you move away! The orc hits you with a +0 whip.
* * * LOW HITPOINT WARNING * * *
The adder attacks as you move away! The adder completely misses you.
The adder attacks as you move away! The adder bites you.
* * * LOW HITPOINT WARNING * * *
The endoplasm hits you but does no damage.
You see here an adder corpse.
The orc attacks as you move away! The orc barely misses you.
The adder bites you.
You die...

†. #...#........†. #.
#.......####.##
#.######..........#.##
#...#..........##.....
##...........####....)
####.........###........
..†......J........#######
#####...oo.........######
##...@S...............
###.>...........#.####.#
######...........###.#..##..#
#..........####### #.......†.
#####......##### #.........
..........## #####........
..<.......# #............
.....###### #............
.....# #....########


You could see an adder, 2 orcs and an endoplasm.

Vanquished Creatures
  2 adders
  3 dart slugs
  An orc (D:3)
  5 endoplasms
  A giant cockroach (D:2)
  4 goblins
  4 hobgoblins
  2 jackals (D:3)
  4 quokkas
  10 ball pythons
  5 bats
  4 frilled lizards
  4 kobolds
  2 rats (D:1)
51 creatures vanquished.

Notes
Turn   | Place    | Note
-------+----------+-------------------------------------------
     0 | D:1      | Teewurst the Palentonga Hunter began the quest for the Orb.
     0 | D:1      | Reached XP level 1. HP: 17/17 MP: 1/1
   233 | D:1      | Reached skill level 1 in Stealth
   233 | D:1      | Reached XP level 2. HP: 23/23 MP: 2/2
   676 | D:1      | Reached XP level 3. HP: 28/28 MP: 3/3
   691 | D:1      | Found a faded altar of an unknown god.
  1345 | D:2      | Found Weawuvel's Book Shop.
  1446 | D:2      | Reached skill level 1 in Armour
  1819 | D:3      | Reached XP level 4. HP: 35/35 MP: 4/4
  1999 | D:3      | Slain by an adder

Illustrated notes

Levels and vault maps discovered:
D:1:      dpeg_arrival_ternary, layout_basic,
          hellmonk_ecumenical_altar_inner_sanctum
D:2:      layout_loops_corners, serial_shops, shop
D:3:      layout_rooms, mainiacjoe_overflow_alcove_1, serial_shops, shop

Skill      XL: |  1  2  3 |
---------------+----------+-----
Stealth        | 1 |  1.6
Armour         | 1 |  1.3
Fighting       | |  2.0
Ranged Weapons | |  3.8
Dodging        | |  1.8

Action                   |  1- 3 |  4- 6 || total
-------------------------+-------+-------++-------
 Fire: Shortbow          |   122 |    33 ||   155
  Use: Potion            |       |     1 ||     1
Armor: Leather armour    |    27 |    22 ||    49
Dodge: Dodged            |    34 |    34 ||    68

Table legend: (Time is in decaauts)
 A = Elapsed time spent in this place.
 B = Non-inter-level travel time spent in this place.
 C = Inter-level travel time spent in this place.
 D = Time resting spent in this place.
 E = Time spent auto-exploring this place.
 F = Levels seen in this place.
 G = Mean time per level.
                   A        B        C        D        E       F      G
               +--------+--------+--------+--------+--------+-----+--------+
         Total |   2053 |   2013 |     40 |      0 |   1672 |   3 |  684.3 |
       Dungeon |   2053 |   2013 |     40 |      0 |   1672 |   3 |  684.3 |
               +--------+--------+--------+--------+--------+-----+--------+

Top non-repeatable levels by time:
     D:1: 931 daAuts
     D:2: 900 daAuts
     D:3: 221 daAuts
